 Seeded DCSS version 0.29-a0-676-ga64570c9d2 (webtiles) character file.

Game seed: 11281427841516483749 (custom seed)

3387 zeratav the Archer (level 10, -12/58 HPs)
             Began as a Tengu Hunter on June 24, 2022.
             Was an Elder of Okawaru.
             Killed from afar by an acid dragon (30 damage)
             ... with a splash of acid
             ... on level 8 of the Dungeon.
             The game lasted 00:14:54 (8601 turns).

zeratav the Archer (Tengu Hunter)                   Turns: 8601, Time: 00:14:54

Health: -12/58     AC:  0    Str: 12    XL:     10   Next: 4%
Magic:  16/16      EV: 22    Int: 15    God:    Okawaru [****..]
Gold:   351        SH:  0    Dex: 22    Spells: 9/9 levels left

rFire   . . .      SeeInvis .   a - +1 shortbow {bow}
rCold   . . .      Faith    .   (shield currently unavailable)
rNeg    . . .      Spirit   .   b - +0 leather armour
rPois   .          Reflect  .   (helmet restricted)
rElec   .          Harm     .   (no cloak)
rCorr   .          Rampage  .   y - +0 pair of gloves
Will    .....                   (boots unavailable)
Stlth   ++........              (no amulet)
HPRegen 0.19/turn               l - +4 ring of evasion
MPRegen 0.15/turn               m - +6 ring of intelligence

@: corroded, flying quickly and evasively, quick
A: beak, talons 3, nimble flight
a: Renounce Religion, Heroism, Finesse


You were on level 8 of the Dungeon.
You worshipped Okawaru.
Okawaru was greatly pleased with you.
You visited 1 branch of the dungeon, and saw 8 of its levels.

You collected 351 gold pieces.


Innate Abilities, Weirdness & Mutations

You have a beak for a mouth.
You have claws for feet.
Your magical nature lets you fly swiftly and evasively.


   Skills:
 + Level 4.8 Fighting
 + Level 10.2 Bows
 + Level 5.3 Dodging
 - Level 1.0 Stealth
 - Level 4.0 Unarmed Combat
 + Level 7.4 Invocations


You had 9 spell levels left.
You didn't know any spells.
Your spell library contained the following spells:

 Spells                   Type           Power      Damage    Failure   Level
 Freeze                   Ice            0%         1d3       34%         1
 Static Discharge         Conj/Air       0%         N/A       45%         2
 Frozen Ramparts          Ice            0%         1d2       71%         3
 Inner Flame              Hex/Fire       0%         N/A       71%         3
 Cause Fear               Hex            0%         N/A       98%         4
 Hailstorm                Conj/Ice       0%         3d3       98%         4
 Lightning Bolt           Conj/Air       0%         1d11      100%        5
 Discord                  Hex            0%         N/A       100%        8
 Maxwell's Capacitive Co  Air            0%         ∞         100%        8

Inventory:

Hand Weapons
 a - a +1 shortbow (weapon) {bow}
 v - a +0 falchion of draining {long}
   (You found it on level 6 of the Dungeon)
Armour
 b - a +0 leather armour (worn)
 y - a +0 pair of gloves (worn)
   (You found it on level 7 of the Dungeon)
Jewellery
 l - a +4 ring of evasion (left hand)
   (You found it on level 3 of the Dungeon)
 m - a +6 ring of intelligence (right hand)
   (You found it on level 3 of the Dungeon)
Wands
 r - a wand of flame (18)
   (You found it on level 5 of the Dungeon)
 w - a wand of digging (4)
   (You found it on level 6 of the Dungeon)
Scrolls
 c - 2 scrolls of immolation {!r!r}
 d - 6 scrolls of identify {unknown}
 e - 2 scrolls of magic mapping {unknown}
 g - 2 scrolls of enchant armour {unknown}
 h - a scroll of fear {unknown}
 k - a scroll of silence {unknown}
 n - a scroll of amnesia {unknown}
 p - 2 scrolls of enchant weapon {unknown}
 t - 2 scrolls of teleportation {unknown}
 x - a scroll of vulnerability {unknown}
Potions
 f - 2 potions of mutation {unknown}
 i - 4 potions of curing {@q1}
 j - a potion of ambrosia {unknown}
 o - a potion of invisibility {unknown}
 q - 3 potions of heal wounds {unknown}
 s - 2 potions of flight {unknown}
 u - a potion of brilliance {unknown}
 z - a potion of might {unknown}
 A - 2 potions of attraction {unknown}
 B - a potion of lignification {unknown}
 C - 2 potions of magic {unknown}

Dungeon Overview and Level Annotations

Branches:
Dungeon (8/15) Zot: 26015  Temple (0/1) D:5
   Lair: D:8-11

Altars:
Cheibriados
Okawaru
Wu Jian

Shops:
D:2 (

Annotations:
D:4 exclusion: water moccasin
D:6 2 transporters, zazu2006's ghost, novice NaHW

######.........#
............# ####
########..#.... ....
#.#....#..# . #..#
..#.##.#..# #..#
#>#.##.#..#######..#
#.#.##.#........ ..#
....##.#.#########D#
######.#........@..#
#.#############
#.##.........#
#.##.#########
#.##.# #.##.# #....#
#.#### ###


You could see an acid dragon (catching breath).


Message History

You shoot an arrow. The arrow barely misses the killer bee.
You feel sick. The killer bee stings you.
* * * LOW HITPOINT WARNING * * *
The killer bee misses you.
HP[-2]
You take 2 damage, and now have 21/58 hp.
Shoot: a) +1 shortbow {bow}
Press: ? - help, Q - select action, (/) - cycle Shift-Dir - straight line, f/p - killer bee
Aim: a killer bee (moderately wounded, 50% to hit)
You shoot an arrow.
The arrow closely misses the killer bee.
You feel sick. The killer bee misses you. The killer bee completely misses you.
Shoot: a) +1 shortbow {bow}
Press: ? - help, Q - select action, (/) - cycle Shift-Dir - straight line, f/p - killer bee
Aim: a killer bee (moderately wounded, 50% to hit)
You shoot an arrow. The arrow hits the killer bee!
You feel sick. The killer bee misses you. x2
HP[-1]
You take 1 damage, and now have 20/58 hp.
Shoot: a) +1 shortbow {bow}
Press: ? - help, Q - select action, (/) - cycle Shift-Dir - straight line, f/p - killer bee
Aim: a killer bee (almost dead, 50% to hit)
You shoot an arrow. The arrow hits the killer bee.
You feel sick. The killer bee closely misses you. x2
HP[-1]
You take 1 damage, and now have 19/58 hp.
Shoot: a) +1 shortbow {bow}
Press: ? - help, Q - select action, (/) - cycle Shift-Dir - straight line, f/p - killer bee
Aim: a killer bee (almost dead, 50% to hit)
You shoot an arrow. The arrow misses the killer bee.
You feel sick. The killer bee misses you. The killer bee closely misses you.
HP[-1]
You take 1 damage, and now have 18/58 hp.
Shoot: a) +1 shortbow {bow}
Press: ? - help, Q - select action, (/) - cycle Shift-Dir - straight line, f/p - killer bee
Aim: a killer bee (almost dead, 50% to hit)
You shoot an arrow. The arrow hits the killer bee.
You kill the killer bee!
Okawaru accepts your kill.
You feel sick.
You are no longer poisoned.
HP[-1]
You take 1 damage, and now have 17/58 hp.
You start resting.
HP[+41]
Your hp is fully restored (58).
q - 3 clear potions (gained 1)
Found a stone staircase leading up.
You sense an unholy aura.
v - a +0 falchion of draining (weapon)
{long}
a - a +1 shortbow (weapon)
{bow}
There is a stone staircase leading up here.
Found a stone staircase leading down.
There is a stone staircase leading down here.
There is a stone staircase leading down here.
An acid dragon comes into view.
The acid dragon roars!
You shoot an arrow.
The arrow barely misses the acid dragon.
The acid dragon spits acid at you. The splash of acid hits you!
HP[-16]
You take 16 damage, and now have 42/58 hp.
MASSIVE DAMAGE!! (PAUSE)
You are too injured to fight recklessly!
You are too injured to fight recklessly!
Shoot: a) +1 shortbow {bow}
Press: ? - help, Q - select action, (/) - cycle Shift-Dir - straight line, f/p - acid dragon
Aim: an acid dragon (71% to hit)
You shoot an arrow.
The arrow barely misses the acid dragon.
HP[+1] Shoot: a) +1 shortbow {bow}
Press: ? - help, Q - select action, (/) - cycle Shift-Dir - straight line, f/p - acid dragon
Aim: an acid dragon (71% to hit)
You shoot an arrow.
The arrow hits the acid dragon but does no damage.
The acid dragon spits acid at you. The splash of acid hits you!
The acid corrodes you!
HP[-12]
You take 12 damage, and now have 31/58 hp.
MASSIVE DAMAGE!! (PAUSE) Shoot: a) +1 shortbow {bow}
Press: ? - help, Q - select action, (/) - cycle Shift-Dir - straight line, f/p - acid dragon
Aim: an acid dragon (catching its breath, 71% to hit)
You shoot an arrow. The arrow hits the acid dragon!
Shoot: a) +1 shortbow {bow}
Press: ? - help, Q - select action, (/) - cycle Shift-Dir - straight line, f/p - acid dragon
Aim: an acid dragon (moderately wounded, catching its breath, 71% to hit)
You shoot an arrow. The arrow hits the acid dragon!
The acid dragon bites you!
* * * LOW HITPOINT WARNING * * *
The acid dragon completely misses you.
HP[-13]
You take 13 damage, and now have 18/58 hp.
MASSIVE DAMAGE!! (PAUSE)
The acid dragon spits acid at you. The splash of acid hits you!!
Ouch! That really hurt!
You die...

Skill      XL: |  1  2  3  4  5  6  7  8  9 |
---------------+----------------------------+-----
Bows           | 5 6 8 10 | 10.2
Invocations    | 2 6 7 |  7.4
Unarmed Combat | 4 |  4.0
Dodging        | 5 |  5.3
Fighting       | 4 |  4.8
Stealth        | |  1.0

Action                   |  1- 3 |  4- 6 |  7- 9 | 10-12 || total
-------------------------+-------+-------+-------+-------++-------
Melee: Falchion          |       |       |    12 |       ||    12
       Kick              |       |       |     3 |       ||     3
       Peck              |       |       |     1 |       ||     1
       Punch             |       |       |     1 |       ||     1
 Fire: Shortbow          |    90 |   132 |   389 |    33 ||   644
Invok: Heroism           |       |       |     2 |       ||     2
       Finesse           |       |       |     1 |       ||     1
  Use: Potion            |       |       |     1 |       ||     1
Armor: Leather armour    |    12 |     4 |    22 |     6 ||    44
Dodge: Dodged            |    19 |    46 |   177 |    71 ||   313

Levels and vault maps discovered:
D:1:      nzn_arrival_crosshair, layout_basic,
          dilly_ecumenical_altar_fadedgnrine
D:2:      layout_loops_ring, serial_shops, nicolae_shop_hallway_stairs,
          uniq_jessica
D:3:      layout_basic
D:4:      layout_rooms, grunt_temple_overflow_open, overflow_temple_1_default,
          minmay_liquid_box, uniq_menkaure
D:5:      layout_basic, minmay_temple_entry_offerings, grunt_ministairs_14
D:6:      layout_loops_ring, gammafunk_ghost_stat_death, uniq_eustachio
D:7:      layout_basic, minmay_parallelograms
D:8:      layout_basic

Notes
Turn   | Place    | Note
-------+----------+-------------------------------------------
     0 | D:1      | zeratav the Tengu Hunter began the quest for the Orb.
     0 | D:1      | Reached XP level 1. HP: 12/12 MP: 2/2
     0 | D:1      | magus.rc [v1.9.6]
   282 | D:1      | Found a faded altar of an unknown god.
   390 | D:1      | Reached XP level 2. HP: 17/17 MP: 3/3
   516 | D:1      | Reached skill level 5 in Bows
   900 | D:2      | Reached XP level 3. HP: 8/21 MP: 4/4
  1223 | D:3      | You pick up a book of Frost and begin reading...
  1223 | D:3      | You add the spells Freeze, Frozen Ramparts and Hailstorm to
                  | your library.
  1437 | D:2      | You pick up a book of Lightning and begin reading...
  1437 | D:2      | You add the spells Static Discharge, Lightning Bolt and
                  | Maxwell's Capacitive Coupling to your library.
  1449 | D:2      | Reached skill level 6 in Bows
  1468 | D:2      | Noticed Jessica
  1472 | D:2      | Killed Jessica
  1473 | D:2      | Reached XP level 4. HP: 25/26 MP: 5/5
  1702 | D:2      | Found Semp's Weapon Emporium.
  2437 | D:4      | Noticed a water moccasin
  2523 | D:4      | Found an iron altar of Okawaru.
  2528 | D:4      | Became a worshipper of Warmaster Okawaru
  2536 | D:4      | Gained mutation: Your magical nature lets you fly swiftly
                  | and evasively. [Tengu growth]
  2536 | D:4      | Reached XP level 5. HP: 23/30 MP: 6/6
  2684 | D:4      | Found an ornate altar of the Wu Jian Council.
  2691 | D:4      | Found a snail-covered altar of Cheibriados.
  2720 | D:4      | Reached skill level 7 in Bows
  3093 | D:4      | Noticed Menkaure
  3098 | D:4      | Killed Menkaure
  3098 | D:4      | Reached * piety under Okawaru
  3099 | D:4      | Reached skill level 8 in Bows
  3099 | D:4      | Reached XP level 6. HP: 31/35 MP: 7/7
  3470 | D:5      | Entered Level 5 of the Dungeon
  3570 | D:5      | Reached XP level 7. HP: 39/40 MP: 8/8
  3572 | D:5      | Reached skill level 9 in Bows
  3850 | D:5      | Found a staircase to the Ecumenical Temple.
  3857 | D:5      | You pick up a book of Hexes and begin reading...
  3857 | D:5      | You add the spells Inner Flame, Cause Fear and Discord to
                  | your library.
  4063 | D:5      | Reached skill level 10 in Bows
  4301 | D:6      | Found a transporter.
  4304 | D:6      | Noticed zazu2006's ghost (novice NaHW)
  4339 | D:6      | Reached ** piety under Okawaru
  4340 | D:6      | Reached skill level 1 in Invocations
  4345 | D:6      | Reached skill level 2 in Invocations
  4346 | D:6      | Reached XP level 8. HP: 38/44 MP: 8/11
  4348 | D:6      | Reached skill level 3 in Invocations
  4427 | D:6      | Found a transporter.
  4529 | D:6      | Reached skill level 4 in Invocations
  4928 | D:6      | Noticed Eustachio
  4952 | D:6      | Killed Eustachio
  4953 | D:6      | Reached skill level 5 in Invocations
  5048 | D:6      | Reached *** piety under Okawaru
  5099 | D:6      | Reached skill level 6 in Invocations
  5519 | D:5      | HP: 11/44 [poisoned by a gnoll sergeant]
  5609 | D:5      | Reached XP level 9. HP: 23/48 MP: 15/15
  5820 | D:6      | Reached skill level 7 in Invocations
  6057 | D:6      | Reached skill level 1 in Unarmed Combat
  6459 | D:7      | Reached skill level 3 in Dodging
  6524 | D:7      | Reached skill level 3 in Fighting
  6524 | D:7      | Reached skill level 2 in Unarmed Combat
  6863 | D:7      | Reached skill level 4 in Dodging
  6863 | D:7      | Reached skill level 3 in Unarmed Combat
  7237 | D:7      | Reached **** piety under Okawaru
  7238 | D:7      | Reached skill level 4 in Fighting
  7457 | D:7      | Reached skill level 4 in Unarmed Combat
  7631 | D:8      | Noticed a hornet
  7814 | D:8      | HP: 13/52 [poisoned by a hornet]
  7815 | D:8      | HP: 2/52 [hornet (11)]
  7817 | D:8      | Killed a hornet
  7818 | D:8      | Reached skill level 5 in Dodging
  7946 | D:7      | HP: 9/52 [killer bee (5)]
  7952 | D:7      | Reached XP level 10. HP: 11/58 MP: 16/16
  8601 | D:8      | Killed from afar by an acid dragon

Vanquished Creatures
  A hornet (D:8)
  Eustachio (D:6)
  Menkaure (D:4)
  2 water moccasins (D:7)
  An ice beast (D:6)
  A black bear (D:6)
  3 sky beasts (D:7)
  A centaur (D:6)
  2 phantoms (D:5)
  5 bullfrogs
  2 necrophages
  2 gnoll sergeants
  2 scorpions (D:6)
  8 wights (D:7)
  5 killer bees
  An orc priest (D:6)
  3 hounds
  2 jellies (D:6)
  Jessica (D:2)
  4 iguanas
  4 orc wizards
  9 gnolls (D:6)
  8 adders
  2 white imps
  An ufetubus (D:6)
  A worm (D:4)
  4 dart slugs
  19 orcs
  9 ball pythons
  3 endoplasms
  3 giant cockroaches
  5 goblins
  3 hobgoblins
  4 jackals (D:2)
  8 quokkas
  6 bats
  4 frilled lizards
  14 kobolds
  2 rats (D:2)
157 creatures vanquished.

Table legend:
 A = Non-vault XP
 B = Vault XP
 C = Vault XP percentage of total XP
 D = Non-vault monster count
 E = Vault monster count
 F = Vault count percentage of total count
                 A         B        C        D         E       F
            +---------+---------+-------+---------+---------+-------
      Total |    4399 |     440 |   9.1 |     152 |       5 |   3.2
            +---------+---------+-------+---------+---------+-------
        D:1 |      19 |       0 |   0.0 |      12 |       0 |   0.0
        D:2 |      52 |      37 |  41.6 |      24 |       1 |   4.0
        D:3 |      55 |       0 |   0.0 |      20 |       0 |   0.0
        D:4 |     175 |     172 |  49.6 |      21 |       1 |   4.5
        D:5 |     613 |      43 |   6.6 |      13 |       2 |  13.3
        D:6 |    1274 |     188 |  12.9 |      33 |       1 |   2.9
        D:7 |    1680 |       0 |   0.0 |      24 |       0 |   0.0
        D:8 |     531 |       0 |   0.0 |       5 |       0 |   0.0
            +---------+---------+-------+---------+---------+-------

Illustrated notes

Table legend:
 A = Kills in this place as a percentage of kills in entire the game.
 B = Kills by you in this place as a percentage of kills by you in the entire game.
 C = Kills by friends in this place as a percentage of kills by friends in the entire game.
 D = Other kills in this place as a percentage of other kills in the entire game.
 E = Experience gained in this place as a percentage of experience gained in the entire game.
 F = Experience gained in this place divided by the number of levels of this place that you have seen.
                   A       B       C       D       E      F
               +-------+-------+-------+-------+-------+----------------------
         Total | 100.0 | 100.0 |   N/A |   N/A | 100.0 | 604.9
       Dungeon | 100.0 | 100.0 |   N/A |   N/A | 100.0 | 604.9
               +-------+-------+-------+-------+-------+----------------------

Table legend: (Time is in decaauts)
 A = Elapsed time spent in this place.
 B = Non-inter-level travel time spent in this place.
 C = Inter-level travel time spent in this place.
 D = Time resting spent in this place.
 E = Time spent auto-exploring this place.
 F = Levels seen in this place.
 G = Mean time per level.
                   A        B        C        D        E       F      G
               +--------+--------+--------+--------+--------+-----+--------+
         Total |   8359 |   8019 |    340 |   1725 |   4827 |   8 | 1044.9 |
       Dungeon |   8359 |   8019 |    340 |   1725 |   4827 |   8 | 1044.9 |
               +--------+--------+--------+--------+--------+-----+--------+

Top non-repeatable levels by time:
     D:7: 1593 daAuts
     D:6: 1560 daAuts
     D:5: 1160 daAuts
     D:2: 1056 daAuts
     D:4: 929 daAuts
     D:1: 849 daAuts
     D:3: 630 daAuts
     D:8: 578 daAuts
